 Dungeon Crawl Stone Soup version 0.29-a0-866-g0545e20025 (webtiles) character file.

Game seed: 16861857692694539329

234 Ajdolov the Grave Robber (level 5, -2/35 HPs)
             Began as a Mummy Necromancer on July 17, 2022.
             Slain by a wight
             ... wielding a +3 spear
              (5 damage)
             ... on level 4 of the Dungeon.
             The game lasted 00:08:43 (3553 turns).

Ajdolov the Grave Robber (Mummy Necromancer)        Turns: 3553, Time: 00:08:44

Health: -2/35      AC:  5    Str: 12    XL:     5   Next: 75%
Magic:  11/11      EV: 11    Int: 16    God:
Gold:   179        SH:  0    Dex: 12    Spells: 5/13 levels left

rFire   . . .      SeeInvis .   k - +0 spear
rCold   + + .      Faith    .   (no shield)
rNeg    + + +      Spirit   .   d - +1 leather armour "Kuupalur" {Slay+3}
rPois   ∞          Reflect  .   (no helmet)
rElec   .          Harm     .   f - scarf {rC+ rF+}
rCorr   .          Rampage  .   g - +0 pair of gloves
Will    .....                   (no boots)
Stlth   +.........              (no amulet)
HPRegen 0.11/turn               (no ring)
MPRegen 0.12/turn               (no ring)

@: about to teleport
A: cold resistance 1, negative energy resistance 3, torment resistance 2, heat
vulnerability 1, in touch with death 1, no potions
a: no special abilities


You were on level 4 of the Dungeon.
You visited 1 branch of the dungeon, and saw 4 of its levels.

You collected 179 gold pieces.

Inventory:

Hand Weapons
 k - a +0 spear (weapon)
Armour
 a - a +0 robe
 d - the +1 leather armour "Kuupalur" (worn) {Slay+3}
   (You found it on level 3 of the Dungeon)

   Slay:      It affects your accuracy & damage with ranged weapons and melee
   (+3).
 f - a scarf of resistance (worn)
 g - a +0 pair of gloves (worn)
Scrolls
 b - 2 scrolls of magic mapping
 c - a scroll of immolation
 e - 3 scrolls of teleportation
 h - a scroll of identify {unknown}
 i - a scroll of amnesia {unknown}
 j - a scroll of noise {unknown}


   Skills:
 - Level 1.5 Dodging
 - Level 1.5 Stealth
 * Level 4.6 Spellcasting
 + Level 6.3 Necromancy


You had 5 spell levels left.
You knew the following spells:

 Your Spells              Type           Power      Damage    Failure   Level
a - Necrotise             Necr           100%       1d9       1%          1
b - Animate Dead          Necr           36%        N/A       14%         4
c - Vampiric Draining     Necr           36%        2d8       4%          3

Your spell library contained the following spells:

 Spells                   Type           Power      Damage    Failure   Level
 Agony                    Necr           36%        N/A       38%         5


Dungeon Overview and Level Annotations

Branches:
Dungeon (4/15)
 Temple: D:4-7

Altars:


Innate Abilities, Weirdness & Mutations

You are immune to poison.
Your flesh is cold resistant. (rC+)
You are immune to negative energy. (rN+++)
You are immune to unholy pain and torment.
You are vulnerable to heat. (rF-)
You are in touch with the powers of death.
You do not drink.


Message History

The wight hits you with a +0 short sword!
As you read the scroll of teleportation, it crumbles to dust.
You feel strangely unstable.
The wight hits you with a +0 short sword.
Your surroundings suddenly seem different.
You start resting.
HP restored.
You open the door.
You aren't carrying any items that you can evoke.
Unknown command.
You start removing your armour.
You continue taking off your +0 robe. x4
You finish taking off your +0 robe.
You start putting on your armour.
You continue putting on the +1 leather armour "Kuupalur" {Slay+3}. x2
The wight barely misses you.
You continue putting on the +1 leather armour "Kuupalur" {Slay+3}.
The wight closely misses you.
You continue putting on the +1 leather armour "Kuupalur" {Slay+3}.
The wight barely misses you.
You continue putting on the +1 leather armour "Kuupalur" {Slay+3}.
The wight hits you with a +0 short sword!
You finish putting on the +1 leather armour "Kuupalur" {Slay+3}.
You barely miss the wight. You punch the wight.
The wight is heavily damaged.
The wight hits you with a +0 short sword.
The wight hits you with a +0 short sword!
You hit the wight.
The wight is severely damaged.
The wight closely misses you.
Unknown command.
You closely miss the wight.
The wight is severely damaged.
The wight closely misses you.
The wight hits you from afar with a +3 spear!
* * * LOW HITPOINT WARNING * * *
You can't drink.
As you read the scroll of teleportation, it crumbles to dust.
You feel strangely unstable.
The wight hits you from afar with a +3 spear.
You die...

#.....'....#
#....# #....#
#....#
#######...#
##....##...####
#.............#
#.............#
#.@.z.........#
#.z...........#
#.............#
#.............#
#.............#
###############


You could see 2 wights.

Vanquished Creatures
  A scorpion (D:2)
  A hound (D:4)
  An orc priest (D:3)
  A gnoll (D:1)
  3 adders
  A white imp (D:3)
  7 orcs (D:3)
  5 endoplasms
  3 giant cockroaches
  3 goblins
  5 hobgoblins
  7 kobolds
  3 quokkas
  3 ball pythons
  9 bats
  2 rats
55 creatures vanquished.

Vanquished Creatures (collateral kills)
  An orc (D:3)
  A ball python (D:3)
  A bat (D:2)
  A frilled lizard (D:3)
4 creatures vanquished.

Grand Total: 59 creatures vanquished

Notes
Turn   | Place    | Note
-------+----------+-------------------------------------------
     0 | D:1      | Ajdolov the Mummy Necromancer began the quest for the Orb.
     0 | D:1      | Reached XP level 1. HP: 13/13 MP: 4/4
   254 | D:1      | Found a faded altar of an unknown god.
   333 | D:1      | Reached XP level 2. HP: 19/19 MP: 0/5
   861 | D:1      | Reached skill level 5 in Necromancy
   861 | D:1      | Gained mutation: You are in touch with the powers of death.
                  | [Mummy growth]
   861 | D:1      | Reached XP level 3. HP: 24/24 MP: 1/7
  1075 | D:2      | Noticed a scorpion
  1081 | D:2      | Killed a scorpion
  1082 | D:2      | Reached XP level 4. HP: 30/30 MP: 1/8
  1220 | D:2      | Learned a level 4 spell: Animate Dead
  1224 | D:2      | Learned a level 3 spell: Vampiric Draining
  1446 | D:2      | Reached skill level 6 in Necromancy
  2469 | D:3      | Reached XP level 5. HP: 35/35 MP: 1/10
  2594 | D:3      | Identified the +1 leather armour "Kuupalur" {Slay+3}
  3146 | D:3      | Identified a scroll of acquirement
  3146 | D:3      | Acquired a scarf of resistance
  3553 | D:4      | Slain by a wight

Illustrated notes

Levels and vault maps discovered:
D:1:      wander_arrival_estate, layout_loops_cross,
          hellmonk_ecumenical_altar_slurped_away, serial_bayou_pond_b
D:2:      layout_basic, minivault_11
D:3:      layout_basic
D:4:      layout_gridville, uniq_edmund

Skill      XL: |  1  2  3  4  5 |
---------------+----------------+-----
Necromancy     | 5 6 |  6.3
Spellcasting   | 3 4 |  4.6
Dodging        | |  1.5
Stealth        | |  1.5

Action                   |  1- 3 |  4- 6 || total
-------------------------+-------+-------++-------
Melee: Short sword       |     5 |       ||     5
       Spear             |       |    19 ||    19
       Punch             |       |     1 ||     1
 Cast: Necrotise         |    34 |    61 ||    95
  Use: Scroll            |       |     6 ||     6
 Stab: Sleeping          |     1 |     1 ||     2
Armor: Robe              |     2 |     3 ||     5
Dodge: Dodged            |    11 |    40 ||    51

Table legend: (Time is in decaauts)
 A = Elapsed time spent in this place.
 B = Non-inter-level travel time spent in this place.
 C = Inter-level travel time spent in this place.
 D = Time resting spent in this place.
 E = Time spent auto-exploring this place.
 F = Levels seen in this place.
 G = Mean time per level.
                   A        B        C        D        E       F      G
               +--------+--------+--------+--------+--------+-----+--------+
         Total |   3558 |   3316 |    242 |    839 |   1720 |   4 |  889.5 |
       Dungeon |   3558 |   3316 |    242 |    839 |   1720 |   4 |  889.5 |
               +--------+--------+--------+--------+--------+-----+--------+

Top non-repeatable levels by time:
     D:2: 1221 daAuts
     D:1: 1073 daAuts
     D:3: 924 daAuts
     D:4: 338 daAuts
